 Dungeon Crawl Stone Soup version 0.21.1-1-g345015fe64 (webtiles) character file.

506 RUZZLEFAZAZZLE the Slasher (level 7, -12/55 HPs)
             Began as a Human Chaos Knight on Feb 6, 2018.
             Mangled by a lorocyproca (26 damage)
             ... created by the severe capriciousness of Xom
             ... on level 4 of the Dungeon.
             The game lasted 00:08:15 (4324 turns).

RUZZLEFAZAZZLE the Slasher (Human Chaos Knight)     Turns: 4324, Time: 00:08:15

Health: -12/55     AC:  7    Str: 19    XL:     7   Next: 41%
Magic:  0/7        EV:  7    Int: 12    God:    Xom [...*..]
Gold:   230        SH: 12    Dex: 13    Spells: 6/6 levels left

rFire    . . .     SeeInvis .   a - +0 falchion (chaos)
rCold    + . .     Gourm    .   l - +3 shield
rNeg     . . .     Faith    .   k - +0 scale mail
rPois    .         Spirit   .   (helmet restricted)
rElec    .         Reflect  .   (no cloak)
rCorr    .         Harm     .   (no gloves)
MR       .....                  (no boots)
Stlth    ..........             h - amulet of magic regeneration
HPRegen  0.18/turn              d - ring of protection from cold
MPRegen  0.35/turn              (no ring)

@: mighty
A: antennae 1, talons 1
a: Renounce Religion


You were on level 4 of the Dungeon.
You worshipped Xom.
You were a favourite toy of Xom.
You were not hungry.

You visited 1 branch of the dungeon, and saw 4 of its levels.

You collected 230 gold pieces.

Inventory:

Hand Weapons
 a - a +0 falchion of chaos (weapon)
Armour
 k - a +0 scale mail (worn)
 l - a +3 shield (worn)
Jewellery
 d - a ring of protection from cold (left hand)
 f - an uncursed ring of wizardry {unknown}
 h - an amulet of magic regeneration (around neck)
Scrolls
 b - a scroll of teleportation
 e - 2 scrolls of amnesia
 j - 2 scrolls of remove curse {unknown}
 n - 2 scrolls of magic mapping {unknown}
 o - a scroll of identify
Potions
 g - a potion of might
 i - a potion of flight {unknown}
 m - 2 potions of invisibility
 q - a potion of curing
Comestibles
 c - 6 rations


   Skills:
 + Level 4.7 Fighting
 + Level 5.3 Long Blades
 + Level 4.0 Armour
 - Level 1.0 Dodging
 + Level 2.4 Shields


You had 6 spell levels left.
You didn't know any spells.

Dungeon Overview and Level Annotations

Branches:
Dungeon (4/15)
 Temple: D:4-7

Altars:
Trog


Innate Abilities, Weirdness & Mutations

You have a pair of small antennae on your head.
You have sharp toenails.


Message History

All of the chunks of flesh in your inventory have rotted away.
Xom giggles.
You sense a hostile presence.
There is a strange disturbance nearby!
No target in view!
No target in view!
No target in view!
No target in view!
Something hits you!!
You feel your power leaking away.
Deactivating autopickup; reactivate with Ctrl-A.
You closely miss something. You claw something. Something hits you!
You hit something but do no damage. You block something's attack.
You feel very mighty all of a sudden. Something hits you.
* * * LOW HITPOINT WARNING * * *
You feel your power leaking away.
You closely miss something. You claw something. Something hits you!!
You die...
Xom bursts into laughter!

.......#.########## ##.##
.......#.......# #..#
.......#.......# ## ##.#
####...#.......# #.+## ####'#
####...#.......#
#..#...#...##
.#.....#.......# ..##.>.#...#
.#.....#.########..##...#...#
.#.......######....#### #####
................@..##. ...
........>.......{..## #.>.#
....###.............# #...#
....# #.............+ ####+
....###..........####
......#..........#
....(.#..........#
......#....##+####
......##...#


There were no monsters in sight!

Vanquished Creatures
  An ogre (D:4)
  A wyvern zombie (D:4)
  A scorpion (D:4)
  2 howler monkeys
  A hound (D:3)
  A centaur skeleton (D:4)
  A worker ant zombie (D:4)
  3 adders
  5 gnolls
  An ooze (D:2)
  A worm (D:3)
  3 dart slugs
  4 leopard geckos
  9 orcs
  4 giant cockroaches
  4 goblins (D:2)
  6 hobgoblins
  4 jackals (D:4)
  A quokka (shapeshifter) (D:4)
  4 quokkas
  A ball python (D:4)
  5 bats
  4 frilled lizards
  9 kobolds
  6 rats
82 creatures vanquished.

Notes
Turn   | Place    | Note
-------+----------+-------------------------------------------
     0 | D:1      | RUZZLEFAZAZZLE the Human Chaos Knight began the quest for the Orb.
     0 | D:1      | Reached XP level 1. HP: 18/18 MP: 1/1
   101 | D:1      | Reached XP level 2. HP: 24/24 MP: 2/2
   686 | D:1      | XOM: harmless Conj miscast
  1029 | D:2      | Reached XP level 3. HP: 23/29 MP: 3/3
  1054 | D:2      | XOM: cloud trail
  1299 | D:2      | Gained mutation: You have sharp toenails. [potion of mutation]
  1299 | D:2      | Gained mutation: You have a pair of small antennae on your head. [potion of mutation]
  1300 | D:2      | XOM: potion effect (might)
  1493 | D:1      | XOM: silly message
  1556 | D:1      | Reached skill level 4 in Long Blades
  1556 | D:1      | Reached XP level 4. HP: 26/35 MP: 4/4
  1645 | D:1      | XOM: divination: magic mapping
  2120 | D:2      | XOM: harmless Pois miscast
  2210 | D:3      | Noticed a moth of wrath
  2213 | D:3      | Found a bloodstained altar of Trog.
  2225 | D:3      | Reached XP level 5. HP: 32/42 MP: 5/5
  2409 | D:3      | XOM: silly message
  2505 | D:3      | XOM: divination: detect creatures
  2506 | D:3      | XOM: harmless Hex miscast
  2908 | D:4      | XOM: confuse monster(s)
  2911 | D:4      | XOM: smoke on damage
  3168 | D:3      | Reached skill level 1 in Shields
  3168 | D:3      | Reached XP level 6. HP: 33/48 MP: 6/6
  3300 | D:4      | XOM: divination: magic mapping
  3303 | D:4      | XOM: divination: detect creatures
  3465 | D:4      | XOM: divination: magic mapping
  3675 | D:4      | Reached skill level 5 in Long Blades
  3746 | D:4      | Reached XP level 7. HP: 27/55 MP: 7/7
  3774 | D:4      | XOM: harmless Fire miscast
  4319 | D:4      | XOM: severe Summ miscast
  4324 | D:4      | Mangled by a lorocyproca

Skill      XL: |  1  2  3  4  5  6  7 |
---------------+----------------------+-----
Long Blades    | 4 5 |  5.3
Armour         | 3 4 |  4.0
Fighting       | 4 |  4.7
Shields        | 1 2 |  2.4
Dodging        | |  1.0

Action                   |  1- 3 |  4- 6 |  7- 9 || total
-------------------------+-------+-------+-------++-------
Melee: Falchion          |    77 |   147 |    17 ||   241
       Kick              |       |    45 |     9 ||    54
  Use: Potion            |     3 |       |     1 ||     4
       Scroll            |       |     7 |     1 ||     8
 Stab: Sleeping          |     1 |       |       ||     1
       Paralysed         |     1 |       |       ||     1
       Confused          |       |     1 |       ||     1
  Eat: Chunk             |     2 |     7 |     2 ||    11
Armor: Leather armour    |     4 |       |       ||     4
       Scale mail        |    48 |    83 |     3 ||   134
Dodge: Dodged            |    41 |    58 |     2 ||   101
Block: Shield            |       |    60 |     9 ||    69
       Rpst.: Falchion   |    14 |    23 |     1 ||    38
